 Dungeon Crawl Stone Soup version 0.22.1-2-g9c5b331383 (webtiles) character file.

86853 LoNine the Severer (level 15, -6/139 HPs)
             Began as a Hill Orc Fighter on Nov 21, 2018.
             Was the Champion of Beogh.
             Killed from afar by a frost giant (17 damage)
             ... with a bolt of cold
             ... on level 15 of the Dungeon.
             The game lasted 03:15:32 (34526 turns).

LoNine the Severer (Hill Orc Fighter)              Turns: 34526, Time: 03:15:32

Health: -6/139     AC: 27    Str: 26    XL:     15   Next: 88%
Magic:  3/15       EV:  5    Int:  8    God:    Beogh [******]
Gold:   2029       SH: 22    Dex:  8    Spells: 14/14 levels left

rFire    + . .     SeeInvis .   a - +7 war axe (flame)
rCold    . . .     Gourm    .   j - +0 large shield
rNeg     . . .     Faith    .   B - +3 plate armour of Miogyt {Stlth+}
rPois    +         Spirit   .   V - +1 helmet
rElec    .         Reflect  +   p - +0 cloak
rCorr    .         Harm     .   g - +0 pair of gloves
MR       +....                  H - +1 pair of boots
Stlth    ..........             o - +3 amulet of reflection
HPRegen  0.33/turn              N - ring of poison resistance
MPRegen  0.14/turn              E - ring of protection from fire

@: invisible
A: walk on water, blink, clumsy 1, wild magic 1
a: Blink, Smiting, Recall Orcish Followers, Give Item to Named Follower,
Resurrection, Renounce Religion


You were on level 15 of the Dungeon.
You worshipped Beogh.
Beogh was exalted by your worship.
You were not hungry.

You visited 4 branches of the dungeon, and saw 24 of its levels.
You also visited: Ossuary.

You collected 2611 gold pieces.
You spent 582 gold pieces at shops.

Inventory:

Hand Weapons
 a - a +7 war axe of flaming (weapon)
 X - the +7 battleaxe of Instant Death {freeze, rF+}
   (You found it on level 4 of the Lair of Beasts)

   It has been specially enchanted to freeze those struck by it, causing extra
   injury to most foes and up to half again as much damage against particularly
   susceptible opponents.
   It can also slow down cold-blooded creatures.
   It protects you from fire.
 Z - the +7 great mace "Giunn" {flame, rPois Str-3 SInv}
   (You took it off a two-headed ogre on level 11 of the Dungeon)

   It has been specially enchanted to burn those struck by it, causing extra
   injury to most foes and up to half again as much damage against particularly
   susceptible opponents.
   It affects your strength (-3).
   It protects you from poison.
   It lets you see invisible.
Armour
 c - the +2 robe "Amasm" {rF+++ Regen+ Str-3 SInv}
   (You found it on level 12 of the Dungeon)

   It affects your strength (-3).
   It renders you almost immune to fire.
   It lets you see invisible.
   It increases your rate of regeneration.
 g - a +0 pair of gloves (worn)
 j - a +0 large shield (worn)
 p - a +0 cloak (worn)
 v - +0 acid dragon scales
 x - +0 ice dragon scales
 B - the +3 plate armour of Miogyt (worn) {Stlth+}
   (You found it on level 14 of the Dungeon)

   It makes you more stealthy.
 H - a +1 pair of boots (worn)
 V - a +1 helmet (worn)
Jewellery
 k - an uncursed amulet of guardian spirit {unknown}
 o - a +3 amulet of reflection (around neck)
 E - a ring of protection from fire (right hand)
 N - a ring of poison resistance (left hand)
 W - the amulet of the Clam {+Rage +Fly Str-2 Dex-4 SInv}
   (You found it on level 11 of the Dungeon)

   [amulet of rage]

   It affects your strength (-2).
   It affects your dexterity (-4).
   It lets you see invisible.
   It lets you fly.
   It lets you go berserk.
Wands
 h - a wand of polymorph (22)
 l - a wand of acid (23)
 t - a wand of flame (32)
 y - a wand of digging (40)
 z - a wand of paralysis (18)
 J - a wand of iceblast (9)
Scrolls
 d - 2 scrolls of magic mapping
 f - 4 scrolls of blinking
 n - 4 scrolls of amnesia
 q - 7 scrolls of remove curse
 r - a scroll of identify
 s - 3 scrolls of fog
 F - a scroll of summoning {unknown}
 K - 4 scrolls of enchant armour
 M - 4 scrolls of fear
 P - 4 scrolls of noise {unknown}
 R - 5 scrolls of teleportation
Potions
 b - a potion of curing
 i - a potion of ambrosia {unknown}
 u - 6 potions of flight
 w - a potion of magic {unknown}
 A - a potion of berserk rage {unknown}
 C - 2 potions of cancellation
 D - a potion of haste {unknown}
 I - 6 potions of agility
 L - a potion of brilliance {unknown}
Miscellaneous
 U - a box of beasts
Comestibles
 e - 15 rations


   Skills:
 + Level 14.9 Fighting
 * Level 20.0(20.6) Axes
 - Level 8.1(13.8) Maces & Flails
 + Level 13.9 Armour
 - Level 0.1 Dodging
 - Level 12.6 Shields


You had 14 spell levels left.
You didn't know any spells.
Your spell library contained the following spells:

 Spells                   Type           Power        Failure   Level  Hunger
 Flame Tongue             Conj/Fire      #....        100%        1    ##.....
 Magic Dart               Conj           #...         100%        1    ##.....
 Blink                    Tloc           N/A          100%        2    ###....
 Call Imp                 Summ           #.......     100%        2    ###....
 Shroud of Golubria       Chrm/Tloc      #.........   100%        2    ###....
 Slow                     Hex            #.......     100%        2    ###....
 Throw Flame              Conj/Fire      #.....       100%        2    ###....
 Conjure Flame            Conj/Fire      #.......     100%        3    ####...
 Gell's Gravitas          Tloc           #.........   100%        3    ####...
 Ignite Poison            Fire/Tmut/Pois #.......     100%        3    ####...
 Inner Flame              Hex/Fire       #.......     100%        3    ####...
 Lesser Beckoning         Tloc           #.........   100%        3    ####...
 Mephitic Cloud           Conj/Pois/Air  #.......     100%        3    ####...
 Teleport Other           Tloc           #.......     100%        3    ####...
 Passage of Golubria      Tloc           N/A          100%        4    #####..
 Sticky Flame             Conj/Fire      #.......     100%        4    #####..
 Fireball                 Conj/Fire      #.........   100%        5    ######.
 Bolt of Fire             Conj/Fire      #.........   100%        6    #######
 Ring of Flames           Chrm/Fire      #.........   100%        7    #######
 Ignition                 Fire           #.........   100%        8    #######


Dungeon Overview and Level Annotations

Branches:
Dungeon (15/15)            Temple (1/1) D:4            Lair (6/6) D:9
 Shoals (0/4) Lair:2       Spider (0/4) Lair:2        Slime (0/5) Lair:6
    Orc (2/2) D:10            Elf (0/3) Orc:2        Vaults (0/5) D:14
 Depths (0/5) D:15

Altars:
Ashenzari
Cheibriados
Dithmenos
Elyvilon
Fedhas
Gozag
Hepliaklqana
Kikubaaqudgha
Makhleb
Nemelex Xobeh
Okawaru
Qazlal
Ru
Sif Muna
Trog
Uskayaw
Vehumet
Wu Jian
Xom
Yredelemnul
Zin
The Shining One
Jiyva

Shops:
D:11 !   Orc:2 (::=[[?[(

Annotations:
Lair:1 exclusion: 2 oklob plants


Innate Abilities, Weirdness & Mutations

You can walk on water.
You can translocate small distances at will.
You are clumsy. (Dex -2)
Your spells are a little harder to cast, but a little more powerful.


Message History

There's nobody here you can resurrect.
The centaur shoots an arrow.
The arrow barely misses your orc knight.
You reflect the arrow off an invisible shield around you!
The arrow closely misses your orc knight.
The arrow hits the centaur!
Something hits you but does no damage. The frost giant casts a spell at you.
The bolt of cold hits your orc.
Your orc dies!
The bolt of cold hits your orc knight.
Your orc knight dies!
The bolt of cold hits you!
* * * LOW HITPOINT WARNING * * *
Olfik hits the eye of devastation with a club!!
Your orc wizard hits the eye of devastation but does no damage.
You fade into invisibility!
Something hits you but does no damage.
The frost giant points at you and mumbles some strange words.
The bolt of cold hits you!
You die...

#..o#...#.o.<..# $... #.#
...(o....oo....# §(.# #...
#################≈%.##.:..
####(###########≈# .......
#).....##§≈≈≈≈§§###s.....#
(#.#o..##≈%$$.={##e#c...# p.
#....oo.#≈=§§#...(#C#'..##.#c
'#...#.##≈$..#...))#.#+ .c..
#.oo.o.##≈.##...@(G+#.# Dc§$
##.#o#.##≈?.)...(oo.+###≈§
.##'#(######)#'#.....##§#
o#.#.#o####.#.###....[≈##########
o#......#......#+.....≈##.......#
.#.#...#'#...⌠.)#.)##%≈##..>.....
$#..#...#..P8P.#'.#(..§##.<.<^.##
?#...#.#+#.⌠P...#.#...§##.......#
##......#......##[§)..≈##..#...##


You could see a frost giant, an eye of devastation shaped shifter, a wolf
spider, a deep elf archer, a centaur, the friendly Olfik the orc warrior and a
friendly orc wizard.

Vanquished Creatures
  A frost giant (D:15)
  An orc warlord (Orc:2)
  A stone giant (D:15)
  A yaktaur captain (D:15)
  An ice dragon (D:10)
  Harold (D:9)
  Fannar (Orc:1)
  The ghost of patcoet the Destroyer, a journeyman DrCj of Sif Muna (D:11)
  4 hydras
  3 centaur warriors
  An ogre mage (D:14)
  A death knight (D:15)
  2 tengu warriors
  8 two-headed ogres
  A deep troll earth mage (D:15)
  2 orc high priests (Orc:2)
  A skeletal warrior (D:14)
  3 unseen horrors
  2 wolf spiders (D:15)
  The ghost of BillyBuyo the Digger, a novice DrEE of Ashenzari (D:6)
  4 orc sorcerers
  A deep elf mage (D:13)
  4 orc knights
  3 cyclopes
  8 ugly things
  A manticore (D:14)
  6 elephants
  22 spiny frogs
  8 komodo dragons
  3 yaktaurs (D:14)
  An efreet (D:15)
  2 tengu conjurers
  A polar bear (shapeshifter) (D:14)
  A troll (shapeshifter) (D:15)
  2 trolls (D:14)
  2 tyrant leeches (Lair:6)
  23 blink frogs
  8 hippogriffs
  A blink frog (shapeshifter) (D:15)
  A slime creature (D:15)
  2 shadows
  3 wraiths (D:14)
  3 redbacks (Lair:2)
  2 wyverns
  28 yaks
  A tarantella (shapeshifter) (D:13)
  A vampire (D:15)
  A basilisk (D:9)
  3 hungry ghosts
  19 vampire mosquitoes
  An acid dragon (D:14)
  8 water moccasins
  6 porcupines
  An acid dragon (shapeshifter) (D:15)
  7 ice beasts
  10 orc warriors
  A phantom (D:12)
  A sky beast (D:6)
  3 necrophages
  13 ogres
  An eye of draining (D:11)
  9 wolves
  11 centaurs
  A tengu (shapeshifter) (D:15)
  8 crocodiles
  3 big kobolds
  21 bullfrogs
  6 scorpions
  A water moccasin skeleton (D:6)
  13 killer bees
  7 wights
  An electric eel (Lair:6)
  8 crimson imps
  A quasit (D:13)
  3 centaur zombies
  A bullfrog zombie (D:5)
  4 jellies
  5 orc priests
  8 centaur skeletons
  9 hounds
  4 bullfrog skeletons
  Crazy Yiuf (D:3)
  2 gnoll shamans (D:7)
  Natasha (thrice) (D:3)
  6 iguanas
  16 orc wizards
  11 worker ants
  A big kobold zombie (Ossuary)
  2 hound skeletons
  8 mummies (Ossuary)
  2 worker ant zombies
  A howler monkey skeleton (D:6)
  5 gnolls
  13 adders
  6 shadow imps
  5 oozes (Lair:6)
  A worm (D:5)
  6 leopard geckos
  33 orcs
  2 ball pythons
  3 giant cockroaches
  2 goblins (D:2)
  10 hobgoblins
  11 jackals
  23 kobolds
  4 quokkas
  12 bats
  3 frilled lizards
  A gnoll zombie (Ossuary)
  A hobgoblin zombie (Ossuary)
  A jackal skeleton (D:6)
  A kobold zombie (Ossuary)
  4 orc zombies (Ossuary)
  A quokka skeleton (D:6)
  12 rats
  9 fungi (Lair:6)
  6 plants
606 creatures vanquished.

Vanquished Creatures (collateral kills)
  Josephine (D:14)
  5 hydras
  A rakshasa (D:14)
  2 centaur warriors (D:15)
  A death knight (D:15)
  An orc high priest (Orc:2)
  An unseen horror (D:14)
  An orc knight (Orc:2)
  2 orc sorcerers (Orc:2)
  2 ugly things (D:15)
  4 elephants
  A manticore (Lair:2)
  A centaur zombie (D:15)
  A black mamba (Lair:6)
  A torpor snail (Lair:5)
  6 spiny frogs
  4 centaur skeletons
  An efreet (D:15)
  3 komodo dragons
  A queen bee (D:9)
  4 trolls
  A polar bear (Lair:4)
  A tyrant leech (Lair:6)
  5 blink frogs
  A shadow (D:15)
  2 wraiths (D:14)
  8 yaks
  A vampire mosquito (Lair:6)
  A hungry ghost (D:15)
  A warg (Orc:2)
  A swamp worm (shapeshifter) (D:15)
  A water moccasin (Lair:2)
  A sky beast (D:15)
  4 orc warriors
  An ice beast (D:10)
  6 wolves
  An ogre (Orc:1)
  5 centaurs (D:15)
  A crocodile (Lair:1)
  5 bullfrogs
  A howler monkey (D:10)
  An electric eel (Lair:6)
  2 orc wizards
  A hound (D:10)
  3 orc priests
  A jelly (Lair:6)
  A hound zombie (D:8)
  A gnoll (Orc:2)
  2 adders
  An adder skeleton (D:9)
  3 orcs
  7 fungi
  5 plants
120 creatures vanquished.

Vanquished Creatures (others)
  An orc high priest (Orc:2)
  2 orc sorcerers
  9 orc knights
  A cyclops (D:15)
  A yaktaur (D:14)
  A shadow (D:15)
  14 orc warriors
  2 centaurs
  A crocodile (D:13)
  A killer bee (D:9)
  A wyvern simulacrum (D:15)
  16 orc priests
  A hound (D:9)
  A bullfrog skeleton (D:9)
  9 orc wizards
  A hound zombie (D:5)
  49 orcs
  2 adders
  A giant cockroach (D:5)
  2 quokkas
  12 fungi
  17 plants (Lair:6)
145 creatures vanquished.

Grand Total: 871 creatures vanquished

Notes
Turn   | Place    | Note
-------+----------+-------------------------------------------
     0 | D:1      | LoNine the Hill Orc Fighter began the quest for the Orb.
     0 | D:1      | Reached XP level 1. HP: 19/19 MP: 1/1
   142 | D:1      | Reached XP level 2. HP: 24/27 MP: 2/2
   235 | D:1      | Reached skill level 3 in Axes
   592 | D:2      | Reached XP level 3. HP: 33/33 MP: 3/3
   669 | D:2      | Noticed Natasha
   702 | D:3      | Killed Natasha
   702 | D:3      | Reached XP level 4. HP: 8/40 MP: 4/4
   986 | D:2      | Found a blossoming altar of Fedhas.
   999 | D:2      | Reached skill level 4 in Axes
  1447 | D:2      | Found a shattered altar of Ashenzari.
  1449 | D:2      | Found a basalt altar of Yredelemnul.
  1795 | D:3      | Found a runed door.
  1799 | D:3      | Noticed Crazy Yiuf
  1807 | D:3      | Killed Crazy Yiuf
  1807 | D:3      | Reached XP level 5. HP: 14/47 MP: 5/5
  1833 | D:3      | HP: 2/47 [poisoned by Crazy Yiuf]
  1841 | D:3      | HP: 1/47 [poisoned by Crazy Yiuf]
  2174 | D:3      | Noticed Natasha
  2191 | D:3      | Killed Natasha
  2608 | D:3      | Noticed Natasha
  2620 | D:3      | Killed Natasha
  2810 | D:4      | Reached skill level 5 in Axes
  2839 | D:4      | Reached XP level 6. HP: 55/55 MP: 6/6
  2879 | D:4      | Found an ancient bone altar of Kikubaaqudgha.
  2960 | D:4      | Reached skill level 5 in Fighting
  3535 | D:4      | Found a staircase to the Ecumenical Temple.
  3670 | Temple   | Entered the Ecumenical Temple
  3742 | D:5      | Entered Level 5 of the Dungeon
  3764 | D:5      | Became a worshipper of Beogh the Brigand
  3768 | D:5      | Found a hazy altar of Hepliaklqana.
  3824 | D:5      | Reached skill level 6 in Axes
  4154 | D:5      | Reached XP level 7. HP: 43/61 MP: 7/7
  4721 | D:5      | Reached skill level 5 in Armour
  4721 | D:5      | Reached skill level 5 in Shields
  5924 | D:6      | Reached skill level 7 in Axes
  5934 | D:6      | Reached XP level 8. HP: 40/70 MP: 8/8
  5958 | D:6      | Found a transporter.
  5964 | D:6      | Found a sand-covered staircase.
  5968 | Ossuary  | Entered an ossuary
  5983 | Ossuary  | Reached * piety under Beogh
  6522 | Ossuary  | Gained mutation: Your spells are a little harder to cast,
                  | but a little more powerful. [potion of mutation]
  6522 | Ossuary  | Gained mutation: You are clumsy. (Dex -2) [potion of
                  | mutation]
  6522 | Ossuary  | Gained mutation: You can translocate small distances at
                  | will. [potion of mutation]
  6552 | D:6      | Reached skill level 8 in Axes
  7000 | D:6      | Reached skill level 9 in Axes
  7174 | D:6      | Found a transporter.
  7189 | D:6      | Noticed BillyBuyo's ghost (novice DrEE)
  7331 | D:7      | Noticed a hippogriff
  7339 | D:7      | Killed a hippogriff
  7339 | D:7      | Reached XP level 9. HP: 59/79 MP: 9/9
  7599 | D:7      | Reached ** piety under Beogh
  7693 | D:7      | Reached skill level 10 in Axes
  8391 | D:7      | Reached *** piety under Beogh
  8556 | D:8      | Reached skill level 11 in Axes
  8616 | D:8      | Noticed a two-headed ogre
  8633 | D:8      | Killed a two-headed ogre
  8633 | D:8      | Reached XP level 10. HP: 30/90 MP: 10/10
  9176 | D:8      | Noticed a two-headed ogre
  9184 | D:8      | Killed a two-headed ogre
  9184 | D:8      | Reached skill level 12 in Axes
 10956 | D:9      | Noticed Harold
 10960 | D:9      | Noticed an elephant
 10982 | D:9      | Killed an elephant
 10985 | D:9      | Killed Harold
 10985 | D:9      | Reached **** piety under Beogh
 10985 | D:9      | Reached skill level 13 in Axes
 10985 | D:9      | Reached XP level 11. HP: 46/99 MP: 11/11
 11258 | D:9      | Found a staircase to the Lair.
 11274 | D:9      | Found a shimmering altar of Xom.
 11939 | D:10     | Entered Level 10 of the Dungeon
 12108 | D:10     | Found a staircase to the Orcish Mines.
 12221 | D:10     | Reached skill level 10 in Fighting
 12421 | D:10     | Noticed a two-headed ogre
 12430 | D:10     | Killed a two-headed ogre
 12609 | D:10     | Reached skill level 14 in Axes
 12808 | D:10     | Noticed an ice dragon
 12859 | D:10     | Killed an ice dragon
 13756 | D:11     | Noticed a brown ugly thing
 13897 | D:10     | Killed a brown ugly thing
 14525 | D:11     | Killed an unseen horror
 14545 | D:11     | Found Araodoiq's Distillery.
 14562 | D:11     | Bought a potion of heal wounds for 75 gold pieces
 14589 | D:11     | Noticed a two-headed ogre
 14589 | D:11     | Noticed patcoet's ghost (journeyman DrCj)
 14590 | D:11     | Found a transporter.
 14590 | D:11     | Noticed a two-headed ogre
 14591 | D:11     | Noticed a two-headed ogre
 14607 | D:11     | Found a transporter.
 14882 | D:11     | You fall through a shaft for 3 floors!
 14882 | D:14     | Noticed a two-headed ogre
 14883 | D:14     | Noticed an ogre mage
 14897 | D:14     | Killed a two-headed ogre
 14897 | D:14     | Reached skill level 10 in Armour
 14897 | D:14     | Reached XP level 12. HP: 79/108 MP: 12/12
 14898 | D:14     | Reached skill level 10 in Shields
 14908 | D:14     | Killed an ogre mage
 14908 | D:14     | Reached skill level 15 in Axes
 14916 | D:14     | Got an ichor-stained plate armour
 14927 | D:14     | Identified the +3 plate armour of Miogyt {Stlth+} (You
                  | found it on level 14 of the Dungeon)
 15361 | D:14     | Noticed a centaur warrior
 15373 | D:14     | Killed a centaur warrior
 15445 | D:14     | Noticed Josephine
 15445 | D:14     | Noticed a tengu warrior
 15524 | D:13     | Noticed a centaur warrior
 15537 | D:13     | Killed a centaur warrior
 15552 | D:13     | Gained Arkwar as an ally
 15671 | D:13     | Your ally Arkwar died
 15695 | D:13     | Reached skill level 16 in Axes
 15934 | D:12     | Reached ***** piety under Beogh
 16305 | D:12     | Got a translucent mace
 16408 | D:11     | Identified the cursed +1 mace of the Extremely Mad {freeze,
                  | +Blink rC- Stlth+} (You found it on level 12 of the
                  | Dungeon)
 16639 | Lair:1   | Entered Level 1 of the Lair of Beasts
 16730 | Lair:1   | Reached XP level 13. HP: 112/117 MP: 13/13
 17595 | Lair:2   | Reached skill level 17 in Axes
 17605 | Lair:2   | Found a hole to the Spider Nest.
 18027 | Lair:2   | Found a staircase to the Shoals.
 18376 | Lair:1   | Got a warped mace
 18378 | Lair:1   | Identified the +4 mace of Fuaturch {freeze, SInv} (You
                  | found it on level 1 of the Lair of Beasts)
 18418 | Lair:2   | Gained Morun as an ally
 18467 | Lair:2   | Reached skill level 1 in Maces & Flails
 19694 | D:12     | Got a heavy robe
 19881 | Lair:1   | Identified the +2 robe "Amasm" {rF+++ Regen+ Str-3 SInv}
                  | (You found it on level 12 of the Dungeon)
 20551 | Lair:3   | Gained Korbok as an ally
 21380 | Lair:4   | Reached skill level 5 in Maces & Flails
 21390 | Lair:4   | Got a faintly glowing battleaxe
 21396 | Lair:4   | Identified the +7 battleaxe of Instant Death {freeze, rF+}
                  | (You found it on level 4 of the Lair of Beasts)
 21781 | Lair:5   | Reached XP level 14. HP: 121/127 MP: 14/14
 22830 | Lair:6   | Entered Level 6 of the Lair of Beasts
 23011 | Lair:6   | Reached ****** piety under Beogh
 23313 | Lair:6   | Found a runed door.
 23313 | Lair:6   | Found a viscous altar of Jiyva.
 23322 | Lair:6   | Found a staircase to the Slime Pits.
 24391 | D:11     | Killed patcoet's ghost
 24403 | D:11     | Got a scorched sapphire amulet
 24409 | D:11     | Got a blackened great mace {holy}
 24409 | D:11     | Got a bone great mace {flame}
 24566 | D:11     | Identified the amulet of the Clam {+Rage +Fly Str-2 Dex-4
                  | SInv} (You found it on level 11 of the Dungeon)
 24567 | D:11     | Identified the +5 great mace of Elaoz {holy, MP+9 Int-3
                  | Dex+3} (You took it off a two-headed ogre on level 11 of
                  | the Dungeon)
 24568 | D:11     | Identified the +7 great mace "Giunn" {flame, rPois Str-3
                  | SInv} (You took it off a two-headed ogre on level 11 of the
                  | Dungeon)
 25129 | D:6      | Killed BillyBuyo's ghost
 26501 | Lair:6   | Reached skill level 18 in Axes
 27335 | Orc:1    | Entered Level 1 of the Orcish Mines
 27512 | Orc:2    | Entered Level 2 of the Orcish Mines
 27514 | Orc:2    | Found Pirerigi's Magic Scroll Shop.
 27529 | Orc:2    | Found Winueb's Armour Shoppe.
 27575 | Orc:1    | Noticed Fannar
 27592 | Orc:1    | Killed Fannar
 27788 | Orc:2    | Bought a +1 pair of boots for 184 gold pieces
 27802 | Orc:2    | Found Ahuzom's Antique Armour Emporium.
 27874 | Orc:2    | Noticed an orc warlord
 27889 | Orc:2    | Killed an orc warlord
 28108 | Orc:2    | Your ally Korbok died
 28114 | Orc:2    | Found Menug's Armour Boutique.
 28128 | Orc:2    | Reached XP level 15. HP: 90/137 MP: 15/15
 28151 | Orc:2    | Your ally Morun died
 28166 | Orc:2    | HP: 4/138 [orc warrior/battleaxe (12)]
 28667 | Orc:2    | Found Qophyggeavu's Book Emporium.
 28669 | Orc:2    | Found Pasafrite's Book Boutique.
 28670 | Orc:2    | Found Gofigeaf's Jewellery Emporium.
 28918 | Orc:2    | Found Huasuur's Weapon Boutique.
 28931 | Orc:2    | Found a staircase to the Elven Halls.
 28932 | Orc:2    | Bought the cursed +0 broad axe "Botapn" {chop, *Contam +Fly
                  | rPois Stlth-} for 139 gold pieces
 29154 | Orc:2    | Found Qaeteh's Antique Weapon Boutique.
 29213 | Orc:2    | Bought a scroll of identify for 32 gold pieces
 29213 | Orc:2    | Bought a scroll of identify for 32 gold pieces
 29213 | Orc:2    | Bought a scroll of fear for 56 gold pieces
 29213 | Orc:2    | Bought a scroll of identify for 32 gold pieces
 29213 | Orc:2    | Bought a scroll of identify for 32 gold pieces
 29437 | Orc:1    | Gained Urtork as an ally
 29576 | Orc:1    | Gained Oreg as an ally
 30303 | D:12     | Found a hide-covered altar of Uskayaw.
 31595 | D:14     | Found a gate to the Vaults.
 31778 | D:14     | Reached skill level 19 in Axes
 32059 | D:14     | Your ally Urtork died
 32406 | D:14     | Killed Josephine
 32406 | D:14     | Gained Jorge as an ally
 32712 | D:15     | Entered Level 15 of the Dungeon
 32791 | D:15     | Gained Norbak as an ally
 33241 | D:15     | Found a staircase to the Depths.
 33423 | D:15     | Found a burning altar of Makhleb.
 33423 | D:15     | Found a stormy altar of Qazlal.
 33424 | D:15     | Found a shimmering altar of Xom.
 33456 | D:15     | Gained Olfik as an ally
 33476 | D:15     | Noticed a frost giant
 33482 | D:15     | Killed a frost giant
 33922 | D:15     | Your ally Jorge died
 34201 | D:15     | Your ally Norbak died
 34217 | D:15     | Reached skill level 20 in Axes
 34510 | D:15     | Noticed a frost giant
 34522 | D:15     | Your ally Oreg died
 34526 | D:15     | Killed from afar by a frost giant

Skill      XL: |  1  2  3  4  5  6  7  8  9 10 11 12 13 14 15 |
---------------+----------------------------------------------+-----
Fighting       | 4 5 6 7 8 9 10 11 12 13 14 | 14.9
Axes           | 3 4 5 6 7 9 11 13 14 16 17 18 20 | 20.0
Armour         | 4 5 6 7 8 10 11 12 13 | 13.9
Shields        | 4 5 6 7 8 9 11 12 | 12.6
Maces & Flails | 5 8 |  8.1
Dodging        | |  0.1

Action                   |  1- 3 |  4- 6 |  7- 9 | 10-12 | 13-15 || total
-------------------------+-------+-------+-------+-------+-------++-------
Melee: War axe           |   108 |   209 |   491 |   650 |   583 ||  2041
       Mace              |       |       |       |       |    98 ||    98
       Battleaxe         |       |       |       |       |   309 ||   309
       Great mace        |       |       |       |       |     2 ||     2
Invok: Convert to Beogh  |       |     1 |       |       |       ||     1
       Recall Orcish Fol |       |       |       |     1 |     6 ||     7
       Give Item to Name |       |       |       |       |     2 ||     2
 Abil: Blink             |       |       |       |       |     2 ||     2
       Evoke Berserk Rag |       |       |       |       |     1 ||     1
Evoke: Wand              |       |     1 |     7 |    10 |     7 ||    25
       Box of beasts     |       |       |       |       |     1 ||     1
  Use: Potion            |     1 |     2 |     7 |     7 |    11 ||    28
       Scroll            |       |       |    15 |    16 |    11 ||    42
 Stab: Invisible         |       |       |     2 |       |    10 ||    12
       Distracted        |       |       |       |     1 |    13 ||    14
       Paralysed         |       |       |       |     1 |       ||     1
       Confused          |       |       |       |       |     2 ||     2
  Eat: Ration            |       |     3 |     5 |     8 |    17 ||    33
       Chunk             |       |       |       |     1 |       ||     1
Armor: Scale mail        |    73 |   110 |    26 |       |       ||   209
       Skin              |       |     2 |       |       |       ||     2
       Chain mail        |       |       |   135 |       |       ||   135
       Plate armour      |       |       |    25 |   259 |   488 ||   772
       Ice dragon scales |       |       |       |    46 |       ||    46
Dodge: Dodged            |    40 |    69 |    92 |    96 |   168 ||   465
Block: Shield            |    69 |   111 |   269 |   449 |   215 ||  1113
       Reflection        |       |       |     6 |    18 |    46 ||    70
       Other             |       |       |       |       |    21 ||    21
       Large shield      |       |       |       |       |   282 ||   282
